 Dungeon Crawl Stone Soup version 0.17.1-3-g152610e (webtiles) character file.

76 williamiamiam the Grave Robber (level 4, -10/32 HPs)
             Began as a Mummy Necromancer on Mar 30, 2016.
             Killed by divine providence
             ... invoked by an orc priest
              (13 damage)
             ... on level 3 of the Dungeon.
             The game lasted 00:13:36 (1827 turns).

williamiamiam the Grave Robber (Mummy Necromancer)  Turns: 1827, Time: 00:13:36

Health: -10/32     AC:  2    Str: 11    XL:     4   Next: 12%
Magic:  3/7        EV: 12    Int: 15    God:
Gold:   69         SH:  0    Dex: 12    Spells: 3 memorised, 2 levels left

rFire  x . .     SeeInvis .     e - +0 short sword
rCold  + . .     Clarity  .     a - +0 robe
rNeg   + + +     SustAt   .     (no shield)
rPois  ∞         Gourm    .     (no helmet)
rElec  .         Spirit   .     (no cloak)
rCorr  .         Warding  .     (no gloves)
rMut   .         Stasis   .     (no boots)
MR     .....                    (no amulet)
Stlth  ++........               (no ring)
                                (no ring)

@: not resistant to hostile enchantments, unstealthy
A: no food or potions, fire vulnerability, cold resistance 1, negative energy
resistance 3, torment resistance, unbreathing
a: no special abilities


You were on level 3 of the Dungeon.
You were not hungry.

You visited 1 branch of the dungeon, and saw 3 of its levels.

You collected 69 gold pieces.

Inventory:

Hand Weapons
 e - a +0 short sword (weapon)
Armour
 a - a +0 robe (worn)
Scrolls
 c - a scroll of immolation {unknown}
 d - a scroll of magic mapping {unknown}
 f - 2 scrolls of remove curse {unknown}
 g - a scroll of recharging {unknown}
 h - a scroll of random uselessness {unknown}
 i - a scroll of enchant weapon {unknown}
Books
 b - a book of Necromancy

   Spells                             Type                      Level
   a - Pain                           Necromancy                   1
   b - Animate Skeleton               Necromancy                   1
   c - Vampiric Draining              Necromancy                   3
   d - Regeneration                   Charms/Necromancy            3
   e - Animate Dead                   Necromancy                   4
   f - Control Undead                 Necromancy                   4


   Skills:
 + Level 1.1 Fighting
 - Level 1.5 Dodging
 - Level 1.5 Stealth
 + Level 2.3 Spellcasting
 + Level 5.2 Necromancy


You had 2 spell levels left.
You knew the following spells:

 Your Spells              Type           Power        Failure   Level  Hunger
a - Pain                  Necr           ###.         2%          1    N/A
b - Animate Skeleton      Necr           N/A          2%          1    N/A
c - Vampiric Draining     Necr           ###.......   10%         3    N/A

Dungeon Overview and Level Annotations

Branches:
Dungeon (3/15)

Altars:
Nemelex Xobeh
The Shining One


Innate Abilities, Weirdness & Mutations

You do not eat or drink.
Your flesh is vulnerable to fire.
You are immune to poison.
Your flesh is cold resistant.
You are immune to negative energy.
You are immune to unholy pain and torment.
You can survive without breathing.


Message History

Found 18 arrows.
The orc priest invokes the aid of Beogh against you.
You are unaffected.
Casting: Pain
Confirm with . or Enter, or press ? or * to list all spells.
You don't have enough magic to cast that spell.
The orc priest calls down the wrath of Beogh upon you.
You struggle to resist.
Casting: Pain
Confirm with . or Enter, or press ? or * to list all spells.
You can't see any susceptible monsters within range! (Use Z to cast anyway.)
Casting: Pain
Confirm with . or Enter, or press ? or * to list all spells.
You can't see any susceptible monsters within range! (Use Z to cast anyway.)
Casting: Pain
Confirm with . or Enter, or press ? or * to list all spells.
You can't see any susceptible monsters within range! (Use Z to cast anyway.)
The orc priest mumbles some strange prayers to Beogh against you.
Something smites you!
You die...

........o.oo...#
........#####..#
.##.#.............
..
#.#o#.#####..####
>. #.#.#.#####..#
#.........(#
#.#.#####.## #.#.#
#.. #@#.. #.#...
#.#.### ..#.#
###.#


You could see an orc priest.

Vanquished Creatures
  An orc priest (D:3)
  An adder (D:2)
  An orc (D:3)
  2 giant cockroaches (D:1)
  3 goblins
  7 hobgoblins
  5 kobolds
  8 bats
  3 giant newts
  2 rats
33 creatures vanquished.

Vanquished Creatures (collateral kills)
  A bat (D:1)
  A hobgoblin (D:1)
2 creatures vanquished.

Grand Total: 35 creatures vanquished

Notes
Turn   | Place    | Note
--------------------------------------------------------------
     0 | D:1      | williamiamiam the Mummy Necromancer began the quest for the Orb.
     0 | D:1      | Reached XP level 1. HP: 13/13 MP: 3/3
    82 | D:1      | Learned a level 1 spell: Animate Skeleton
   103 | D:1      | Reached XP level 2. HP: 19/19 MP: 1/5
   742 | D:2      | Found a glowing golden altar of the Shining One.
  1020 | D:2      | Found a sparkling altar of Nemelex Xobeh.
  1109 | D:2      | Reached skill level 5 in Necromancy
  1109 | D:2      | Reached XP level 3. HP: 23/25 MP: 0/6
  1114 | D:2      | Learned a level 3 spell: Vampiric Draining
  1802 | D:3      | Reached skill level 1 in Fighting
  1802 | D:3      | Reached XP level 4. HP: 14/32 MP: 1/7
  1804 | D:3      | HP: 1/32 [orc priest/divine providence (12)]
  1827 | D:3      | Killed from afar by an orc priest

Action                   |  1- 3 |  4- 6 || total
-------------------------+-------+-------++-------
Melee: Unarmed           |    19 |       ||    19
       Short sword       |    14 |       ||    14
 Cast: Pain              |    53 |       ||    53
       Animate Skeleton  |     8 |       ||     8
